Map: Acropolis LE

Players

jinglebells

  • Race: Protoss Protoss
  • League: Diamond
  • Spawn Location: 11:00

Smeeeger

  • Race: Zerg Zerg
  • League: Platinum
  • Spawn Location: 5:00

VOD

Have the link to the VOD?

Description

Time

  • Played on: July 8, 2019, 10:36 p.m.
  • Length: 25:43
Show
View Real Time Build Order
Export as new Build Order

jinglebells Protoss 

Build Orders: Phoenix Opening, Carriers, Carrier Rush 

Get SALT Encoding   

  12  0:03  Probe  
  13  0:15  Probe  
  14  0:26  Pylon  
  14  0:27  Probe  
  15  0:49  Gateway  
  15  0:52  Probe  
  16  0:59  Assimilator  
  16  1:00  Probe  
  16  1:03  Pylon  
  16  1:10  Probe  
  18  1:27  Probe  
  19  1:41  Probe, Cybernetics Core  
  19  1:45  Nexus  
  20  1:53  Probe  
  21  1:58  Pylon  
  21  2:05  Probe  
  22  2:18  Probe  
  22  2:21  Zealot  
  23  2:30  Probe  
  23  2:36  Stargate  
  26  2:37  Assimilator  
  26  2:40  Assimilator  
  26  2:42  Probe  
  26  2:52  Adept  
  26  2:54  Probe  
  29  3:01  Probe  
  29  3:02  Shield Battery  
  30  3:06  Probe  
  31  3:12  Adept  
  31  3:13  Probe  
  31  3:16  Phoenix  
  31  3:18  Probe  
  33  3:25  Probe  
  38  3:31  Probe  
  39  3:37  Probe  
  39  3:39  Assimilator  
  39  3:40  Warp Gate  
  40  3:51  Probe  
  41  3:57  Fleet Beacon  
  41  3:58  Probe  
  42  4:08  Stargate  
  40  4:33  Carrier  
  40  4:34  Probe x2  
  40  4:39  Twilight Council  
  40  4:43  Pylon  
  46  4:48  Carrier  
  46  4:50  Pylon  
  46  5:01  Probe x2  
  54  5:12  Zealot  
  56  5:14  Probe  
  56  5:15  Probe  
  56  5:21  Charge  
  60  5:28  Probe x2  
  60  5:33  Pylon  
  60  5:35  Pylon  
  60  5:42  Probe x2  
  62  5:52  Carrier  
  62  5:55  Probe x2  
  70  6:07  Carrier  
  70  6:20  Nexus  
  70  6:23  Assimilator  
  75  6:32  Zealot  
  75  7:04  Nexus  
  75  7:07  Zealot, Assimilator  
  77  7:10  Pylon  
  77  7:21  Carrier, Probe  
  78  7:26  Pylon  
  78  7:28  Probe  
  78  7:29  Pylon  
  85  7:37  Gateway  
  85  7:41  Gateway  
  85  7:43  Gateway  
  85  7:50  Carrier  
  91  8:00  Sentry  
  91  8:04  Probe x2  
  95  8:14  Forge  
  95  8:15  Forge  
  95  8:23  Carrier, Protoss Air Weapons Level 1  
  95  8:25  Zealot  
  97  8:27  Probe  
  104  8:35  Sentry  
  104  8:36  Sentry  
  104  8:38  Sentry  
  110  8:41  Probe  
  110  8:42  Probe  
  112  8:51  Probe  
  112  8:52  Sentry  
  112  8:54  Probe  
  116  8:58  Pylon  
  116  8:59  Pylon  
  116  9:03  Protoss Ground Weapons Level 1, Protoss Ground Armor Level 1  
  116  9:06  Templar Archives  
  116  9:14  Assimilator  
  116  9:16  Pylon  
  116  9:18  Pylon  
  116  9:20  Gateway  
  116  9:23  Gateway  
  108  9:54  Zealot x2  
  108  9:55  Zealot x2  
  108  9:56  Carrier x2  
  120  10:13  Probe x2  
  122  10:16  High Templar x2  
  122  10:17  High Templar x3  
  122  10:21  Zealot  
  134  10:23  Psionic Storm  
  134  10:26  Archon x2  
  134  10:34  Pylon  
  134  10:35  Pylon  
  134  10:37  Pylon  
  134  10:41  High Templar  
  136  10:51  High Templar  
  136  10:52  Zealot x4  
  124  11:26  Zealot x6  
  128  12:00  Archon  
  124  12:07  Carrier  
  116  12:10  Zealot  
  116  12:11  Zealot x3  
  124  12:20  Probe x3  
  124  12:21  High Templar  
  124  12:22  High Templar  
  131  12:32  Probe x3  
  131  12:34  Nexus, Photon Cannon  
  131  12:36  High Templar  
  136  12:41  High Templar x3  
  142  12:44  Probe  
  143  13:00  Protoss Ground Weapons Level 2  
  143  13:01  High Templar  
  143  13:03  High Templar  
  147  13:08  Zealot  
  147  13:12  Protoss Ground Armor Level 2  
  149  13:15  Robotics Facility  
  149  13:21  Pylon  
  149  13:24  Pylon  
  149  13:33  Carrier  
  155  13:38  Zealot  
  155  13:39  Zealot  
  146  14:05  Probe  
  146  14:06  Probe x3  
  146  14:08  Zealot  
  146  14:09  Zealot x4  
  160  14:10  High Templar  
  162  14:18  Probe x3  
  162  14:24  Assimilator  
  165  14:25  Probe  
  165  14:26  Assimilator  
  165  14:30  Probe x2  
  164  14:39  High Templar x2  
  164  14:40  High Templar x3  
  147  14:55  Carrier  
  142  15:00  Zealot  
  122  15:25  Zealot x4  
  100  16:04  Nexus  
  72  23:13  Archon  
  72  23:14  Archon  
Show
View Real Time Build Order
Export as new Build Order

Smeeeger Zerg 

Build Orders: Pool First, Roach Hydra 

Get SALT Encoding   

  12  0:01  Drone  
  13  0:14  Overlord  
  13  0:17  Drone  
  14  0:32  Drone x2  
  16  0:40  Drone  
  17  0:47  Drone  
  18  1:12  Spawning Pool  
  18  1:14  Extractor  
  16  1:22  Hatchery  
  16  1:25  Drone x2  
  16  1:26  Drone  
  18  1:37  Overlord  
  18  1:50  Drone  
  19  2:05  Zergling x2  
  20  2:11  Queen  
  22  2:16  Zergling x2  
  22  2:17  Metabolic Boost  
  23  2:32  Zergling x4  
  25  2:40  Queen  
  27  2:47  Queen  
  29  2:53  Drone x4  
  29  2:57  Hatchery  
  32  3:01  Drone  
  32  3:03  Drone  
  34  3:09  Drone  
  35  3:18  Overlord x2  
  35  3:32  Drone  
  36  3:35  Lair, Queen  
  38  3:42  Drone x2  
  38  3:43  Drone x2  
  42  3:52  Spore Crawler  
  42  3:55  Spore Crawler, Drone  
  41  3:56  Drone  
  42  4:09  Zergling x4  
  44  4:12  Queen  
  44  4:14  Drone x2  
  44  4:15  Drone x2  
  48  4:38  Drone, Roach Warren  
  48  4:39  Drone x2, Evolution Chamber  
  49  4:49  Overlord x2  
  49  4:50  Overlord  
  49  4:51  Overlord  
  49  5:09  Extractor  
  49  5:11  Extractor  
  47  5:15  Drone x3  
  47  5:16  Drone x3  
  47  5:17  Drone x4  
  47  5:18  Drone x2  
  47  5:19  Roach x4  
  67  5:25  Glial Reconstitution  
  69  5:35  Roach  
  69  5:36  Roach x4  
  77  5:44  Drone x3  
  77  5:45  Spore Crawler  
  77  5:47  Drone x2  
  81  5:50  Zerg Missile Weapons Level 1  
  81  5:58  Overlord  
  81  6:06  Overlord x4  
  81  6:22  Drone x4  
  85  6:28  Hatchery  
  79  6:40  Hydralisk Den  
  70  6:56  Spore Crawler  
  70  6:58  Spore Crawler  
  68  7:02  Extractor  
  68  7:03  Drone  
  68  7:04  Drone x3, Overlord, Extractor  
  68  7:05  Overlord x3, Extractor  
  65  7:18  Hydralisk x2  
  65  7:19  Grooved Spines, Hydralisk x8  
  79  7:31  Drone x3, Evolution Chamber  
  79  7:32  Drone x3  
  79  7:33  Drone x2  
  79  7:34  Hydralisk, Drone  
  79  7:35  Hydralisk  
  91  7:47  Zerg Missile Weapons Level 2  
  91  7:51  Queen  
  91  7:52  Drone x4  
  91  7:53  Drone  
  91  7:55  Hydralisk  
  91  7:56  Hydralisk  
  102  8:10  Extractor  
  102  8:11  Spore Crawler  
  100  8:14  Extractor  
  100  8:15  Spore Crawler  
  100  8:17  Spore Crawler, Drone  
  100  8:18  Spore Crawler, Drone x6  
  100  8:19  Drone x4  
  107  8:23  Hydralisk x3  
  107  8:25  Drone  
  107  8:26  Drone  
  115  8:27  Drone  
  115  8:32  Muscular Augments  
  116  8:34  Zerg Ground Armor Level 1  
  116  8:36  Drone x2  
  116  8:38  Drone  
  119  8:43  Infestation Pit  
  119  8:44  Hydralisk  
  119  8:45  Hydralisk  
  123  8:55  Drone  
  123  8:57  Hydralisk x5  
  123  8:58  Hydralisk  
  123  9:00  Hydralisk  
  139  9:02  Roach  
  139  9:03  Zergling x2  
  139  9:04  Zergling x2  
  141  9:11  Drone  
  141  9:12  Overlord x3  
  141  9:14  Roach  
  141  9:15  Zergling x4  
  146  9:34  Hydralisk x2  
  146  9:35  Hydralisk x7  
  155  9:48  Hydralisk x7  
  155  9:50  Hydralisk  
  155  9:52  Hydralisk  
  157  9:54  Hydralisk  
  157  9:56  Hydralisk  
  157  9:59  Hydralisk  
  153  10:07  Hydralisk  
  153  10:08  Hydralisk x4  
  163  10:15  Hydralisk  
  163  10:16  Hydralisk x3  
  163  10:21  Overlord x2  
  171  10:23  Overlord  
  171  10:30  Zergling x10  
  171  10:35  Spire  
  175  10:38  Spire  
  175  10:42  Zerg Ground Armor Level 2  
  174  10:51  Zergling x18  
  174  10:52  Zergling x2  
  174  10:56  Zerg Melee Weapons Level 1  
  160  11:18  Zergling x10  
  160  11:19  Zergling x36  
  165  11:31  Hive  
  164  11:37  Neural Parasite  
  163  11:41  Zergling x10  
  163  11:42  Zergling x8  
  118  12:02  Hydralisk x11  
  126  12:10  Zergling x2  
  126  12:11  Zergling x12  
  121  12:18  Zerg Flyer Armor Level 1, Corruptor x2, Zerg Flyer Weapons Level 1  
  117  12:30  Hatchery  
  117  12:35  Hydralisk x4  
  124  12:49  Hydralisk x4  
  132  12:53  Hatchery  
  131  12:58  Corruptor  
  131  12:59  Corruptor  
  135  13:09  Hydralisk x5  
  145  13:12  Corruptor  
  145  13:17  Zerg Missile Weapons Level 3  
  147  13:50  Zergling x2  
  147  13:51  Zergling x52  
  145  13:58  Zergling x2  
  145  14:01  Lair x2  
  122  14:09  Corruptor x2  
  118  14:10  Corruptor  
  118  14:16  Hydralisk x2  
  126  14:20  Corruptor  
  128  14:24  Hydralisk  
  128  14:25  Hydralisk  
  128  14:28  Hydralisk  
  134  14:35  Hydralisk x2  
  134  14:36  Hydralisk  
  134  14:42  Hydralisk  
  134  14:43  Hydralisk  
  134  14:44  Hydralisk  
  138  14:46  Hydralisk  
  138  14:52  Zergling x6  
  130  14:53  Zergling x2  
  108  15:08  Corruptor x3  
  95  15:18  Corruptor  
  91  15:21  Corruptor  
  74  15:38  Spore Crawler  
  74  15:39  Spore Crawler  
  74  15:40  Spore Crawler x2  
  58  15:46  Drone x2  
  52  16:03  Hydralisk  
  52  16:04  Hydralisk  
  46  16:07  Drone  
  47  16:34  Extractor  
  39  17:43  Hatchery  
  38  17:47  Extractor  
  35  18:43  Overlord x3  
  35  18:50  Hatchery  
  21  19:45  Queen x2  
  18  20:07  Drone  
  19  20:15  Zergling x2  
  18  20:46  Drone  
  15  21:07  Drone  
  16  21:12  Drone  
  17  21:38  Drone  
  18  21:56  Drone  
  19  22:13  Drone  
  19  22:14  Drone x2  
  22  22:34  Zergling x2  
  18  23:13  Zergling x2  
  18  23:16  Zergling x2  
  20  23:46  Spore Crawler  
Tags
 
Add a new tag
Caveats
  • Supply blocks, unpowered buildings, or Contaminate may cause inaccurate times.
  • Supply counts are checked every 10 seconds.